 Dungeon Crawl Stone Soup version 0.29.0-4-gdea44cf6ec (webtiles) character file.

Game seed: 12571477638035526445

143 qw the Ruffian (level 5, -2/40 HPs)
             Began as a Ghoul Fire Elementalist on Aug 29, 2022.
             Engulfed by a smoke demon's steam (9 damage)
             ... on level 1 of the Abyss.
             The game lasted 00:04:06 (4860 turns).

qw the Ruffian (Ghoul Fire Elementalist)            Turns: 4860, Time: 00:04:06

Health: -2/40      AC: 12    Str: 14    XL:     5   Next: 25%
Magic:  6/6        EV:  8    Int: 10    God:
Gold:   153        SH:  0    Dex:  9    Spells: 6/7 levels left

rFire   . . .      SeeInvis .     - Unarmed
rCold   + . .      Faith    .   (no shield)
rNeg    + + +      Spirit   .   l - +0 plate armour
rPois   inf        Reflect  .   (no helmet)
rElec   .          Harm     .   f - +0 cloak
rCorr   .          Rampage  .   e - +0 pair of gloves
Will    .....                   (no boots)
Stlth   ..........              (no amulet)
HPRegen 0.00/turn               b - +4 ring of evasion
MPRegen 0.10/turn               (no ring)

@: about to teleport, inhibited regen
A: claws 1, cold resistance 1, negative energy resistance 3, inhibited
regeneration, torment resistance 2, devour on kill
a: no special abilities


You were on level 1 of the Abyss.
You visited 1 branch of the dungeon, and saw 4 of its levels.
You visited the Abyss 1 time.

You collected 245 gold pieces.
You spent 92 gold pieces at shops.


Innate Abilities, Weirdness & Mutations

You are immune to poison.
You have sharp fingernails.
Your flesh is cold resistant. (rC+)
You are immune to negative energy. (rN+++)
You do not regenerate when monsters are visible.
You are immune to unholy pain and torment.
You thrive by killing the living.


   Skills:
 + Level 1.5 Fighting
 - Level 1.6 Armour
 - Level 1.7 Dodging
 - Level 2.1 Stealth
 - Level 4.2 Unarmed Combat
 - Level 1.7 Spellcasting
 - Level 0.7 Conjurations
 - Level 2.4 Fire Magic


You had 6 spell levels left.
You knew the following spells:

 Your Spells              Type           Power      Damage    Failure   Level
a - Foxfire               Conj/Fire      16%        2x1d4     100%        1

Your spell library contained the following spells:

 Spells                   Type           Power      Damage    Failure   Level
 Scorch                   Fire           10%        2d5       100%        2
 Conjure Flame            Conj/Fire      4%         6-21      100%        3
 Inner Flame              Hex/Fire       3%         N/A       100%        3
 Flame Wave               Conj/Fire      4%         2d5       100%        4

Inventory:

Missiles
 m - 2 boomerangs (quivered)
Armour
 e - a +0 pair of gloves (worn)
 f - a +0 cloak (worn)
 l - a +0 plate armour (worn)
Jewellery
 b - a +4 ring of evasion (left hand)
Scrolls
 h - a scroll of identify
Potions
 a - a potion of haste
 c - a potion of flight {unknown}
 d - a potion of mutation
 i - 2 potions of heal wounds
 j - a potion of curing
 k - a potion of resistance

Dungeon Overview and Level Annotations

Branches:
Dungeon (4/15)
 Temple: D:4-7

Altars:

Shops:
D:1 (   D:2 *


Message History

The smoke demon roars!
The smoke demon gestures at you. The ball of steam hits you.
4851 ||| Stepping randomly (cloudy).
The smoke demon hits you.
The smoke demon hits you but does no damage. x2
You hit the smoke demon. Your punch misses the smoke demon.
The smoke demon is lightly wounded.
You hit the smoke demon.
The smoke demon is moderately wounded.
The smoke demon hits you.
The smoke demon hits you but does no damage.
The smoke demon barely misses you.
You closely miss the smoke demon.
The smoke demon is moderately wounded.
The smoke demon hits you.
The smoke demon hits you but does no damage. x2
You hit the smoke demon but do no damage.
The smoke demon is moderately wounded.
The smoke demon hits you but does no damage. x3
You closely miss the smoke demon.
The smoke demon is moderately wounded.
The smoke demon gestures at you. The ball of steam misses you.
You closely miss the smoke demon.
The smoke demon is moderately wounded.
You are engulfed in a cloud of scalding steam.
The smoke demon gestures at you. Something smites you!
You barely miss the smoke demon.
The smoke demon is moderately wounded.
You are engulfed in a cloud of scalding steam.
The smoke demon hits you.
The smoke demon hits you but does no damage. x2
4860 ||| READING scroll of teleportation.
As you read the scroll of teleportation, it crumbles to dust.
You feel strangely unstable.
You feel the power of the Abyss delaying your translocation!
You are engulfed in a cloud of scalding steam.
You die...

.#.# .#.#
...# ...##
...# ...#
#..#####...#
..#. ¤.¤@3.#
########.#
.. # . .


You could see a smoke demon.

Vanquished Creatures
  Terence (D:3)
  An orc wizard (D:4)
  An adder (D:3)
  An ufetubus (D:4)
  2 dart slugs (D:1)
  8 orcs
  6 endoplasms
  2 giant cockroaches (D:2)
  6 goblins
  5 hobgoblins
  7 quokkas
  9 ball pythons
  4 bats
  2 frilled lizards
  7 kobolds
  A rat (D:2)
63 creatures vanquished.

Vanquished Creatures (others)
  9 fungi (D:1)
  3 plants (D:1)
12 creatures vanquished.

Grand Total: 75 creatures vanquished

Notes
Turn   | Place    | Note
-------+----------+-------------------------------------------
     0 | D:1      | qw the Ghoul Fire Elementalist began the quest for the Orb.
     0 | D:1      | Reached XP level 1. HP: 14/14 MP: 2/2
     0 | D:1      | 0 ||| qw: Version: 0.1-a-90-g952f4b7
     0 | D:1      | 0 ||| qw: Game counter: 3816
     0 | D:1      | 0 ||| qw: Always use a shield: true
     0 | D:1      | 0 ||| qw: God list: Okawaru
     0 | D:1      | 0 ||| qw: Allow faded altars: false
     0 | D:1      | 0 ||| qw: Do Orc after D:15 true
     0 | D:1      | 0 ||| qw: Do second Lair branch before Depths: true
     0 | D:1      | 0 ||| qw: Lair rune preference: random
     0 | D:1      | 0 ||| qw: Plans: Normal
     0 | D:1      | 0 ||| PLANNING D:1-11
    30 | D:1      | 30 ||| Stepping ~*~*~tactically~*~*~ (hiding).
   132 | D:1      | 132 ||| Stepping ~*~*~tactically~*~*~ (hiding).
   234 | D:1      | 234 ||| Stepping ~*~*~tactically~*~*~ (hiding).
   336 | D:1      | 336 ||| Stepping ~*~*~tactically~*~*~ (hiding).
   438 | D:1      | 438 ||| Stepping ~*~*~tactically~*~*~ (hiding).
   613 | D:1      | Reached skill level 1 in Unarmed Combat
   640 | D:1      | 640 ||| Stepping ~*~*~tactically~*~*~ (stealth).
   668 | D:1      | Reached skill level 1 in Fighting
   668 | D:1      | Reached XP level 2. HP: 18/23 MP: 3/3
  1173 | D:1      | 1173 ||| Stepping ~*~*~tactically~*~*~ (hiding).
  1275 | D:1      | 1275 ||| Stepping ~*~*~tactically~*~*~ (hiding).
  1377 | D:1      | 1377 ||| Stepping ~*~*~tactically~*~*~ (hiding).
  1385 | D:1      | Reached skill level 2 in Unarmed Combat
  1740 | D:1      | Found Inwiugh's Antique Weapon Emporium.
  2029 | D:1      | 2029 ||| Stepping ~*~*~tactically~*~*~ (stealth).
  2039 | D:1      | Reached XP level 3. HP: 22/28 MP: 4/4
  2179 | D:1      | 2179 ||| Stepping ~*~*~tactically~*~*~ (stealth).
  2181 | D:1      | 2181 ||| Stepping ~*~*~tactically~*~*~ (stealth).
  2183 | D:1      | 2183 ||| Stepping ~*~*~tactically~*~*~ (stealth).
  2184 | D:1      | 2184 ||| Stepping ~*~*~tactically~*~*~ (stealth).
  2188 | D:1      | 2188 ||| Stepping ~*~*~tactically~*~*~ (water).
  2360 | D:1      | Found a faded altar of an unknown god.
  2413 | D:1      | 2413 ||| UPGRADING to +0 ring mail.
  2423 | D:1      | 2423 ||| DROPPING +0 robe.
  2424 | D:1      | 2424 ||| DROPPING amulet of faith.
  2425 | D:1      | 2425 ||| READING 2 scrolls labelled JIGIDU HUOHU.
  2426 | D:1      | 2426 ||| READING scroll labelled DEREDYZ ENWI.
  2430 | D:1      | 2430 ||| READING 2 scrolls labelled VEORRA FUMOPA.
  2431 | D:1      | 2431 ||| READING scroll labelled HIQEHU QE ZASE.
  2432 | D:1      | 2432 ||| DRINKING 2 glowing sapphire potions.
  2433 | D:1      | 2433 ||| DROPPING potion of magic.
  2434 | D:1      | 2434 ||| DROPPING scroll of poison.
  2504 | D:2      | 2504 ||| FLEEEEING.
  2505 | D:2      | 2505 ||| FLEEEEING.
  2506 | D:2      | 2506 ||| FLEEEEING.
  2507 | D:2      | 2507 ||| FLEEEEING.
  2508 | D:2      | 2508 ||| FLEEEEING.
  2514 | D:2      | 2514 ||| STAIRDANCE
  2583 | D:2      | 2583 ||| Stepping ~*~*~tactically~*~*~ (stealth).
  2791 | D:2      | Found Xeenok's Assorted Antiques.
  2802 | D:2      | 2802 ||| Stepping ~*~*~tactically~*~*~ (stealth).
  2809 | D:2      | Reached skill level 3 in Unarmed Combat
  2885 | D:2      | You fall into a shaft and drop 2 floors!
  2886 | D:4      | 2886 ||| UPGRADING to +4 ring of evasion.
  2887 | D:4      | 2887 ||| READING 2 scrolls of identify.
  2887 | D:4      | 2887 ||| IDENTIFYING bubbling red potion
  2888 | D:4      | 2888 ||| DROPPING potion of lignification.
  3049 | D:2      | 3049 ||| SHOPLISTING glowing cloak (240 gold, have 146).
  3049 | D:2      | 3049 ||| BUYING murky black potion (28 gold).
  3049 | D:2      | Bought a murky black potion for 28 gold pieces
  3049 | D:2      | 3049 ||| SHOPLISTING potion of heal wounds (160 gold, have
                  | 118).
  3049 | D:2      | 3049 ||| BUYING scroll of identify (64 gold).
  3049 | D:2      | Bought a scroll of identify for 64 gold pieces
  3467 | D:2      | 3467 ||| READING scroll labelled ZUOCLA SOULOEF.
  3468 | D:2      | 3468 ||| READING scroll labelled GECSIU QESOST.
  3569 | D:2      | 3569 ||| DRINKING 2 murky black potions.
  3570 | D:2      | 3570 ||| READING 3 scrolls of identify.
  3570 | D:2      | 3570 ||| IDENTIFYING smoky amethyst potion
  3571 | D:2      | 3571 ||| READING 2 scrolls of identify.
  3571 | D:2      | 3571 ||| IDENTIFYING clear potion
  3572 | D:2      | 3572 ||| DROPPING potion of berserk rage.
  3709 | D:3      | Reached XP level 4. HP: 35/35 MP: 5/5
  3782 | D:3      | 3782 ||| Stepping ~*~*~tactically~*~*~ (stealth).
  3784 | D:3      | 3784 ||| Stepping ~*~*~tactically~*~*~ (stealth).
  3785 | D:3      | 3785 ||| Stepping ~*~*~tactically~*~*~ (stealth).
  3790 | D:3      | 3790 ||| Stepping ~*~*~tactically~*~*~ (outnumbered).
  3896 | D:3      | Noticed Terence
  3910 | D:3      | Killed Terence
  3911 | D:3      | Reached skill level 4 in Unarmed Combat
  4180 | D:3      | 4180 ||| UPGRADING to +0 pair of gloves.
  4185 | D:3      | 4185 ||| UPGRADING to +0 plate armour.
  4195 | D:3      | 4195 ||| DROPPING +0 ring mail.
  4196 | D:3      | 4196 ||| READING 2 scrolls labelled EHETOI NOIWKI.
  4197 | D:3      | 4197 ||| READING 2 scrolls labelled ARYGERPHEADE.
  4198 | D:3      | 4198 ||| READING scroll labelled QUQUMN JUOZEON.
  4199 | D:3      | 4199 ||| DROPPING scroll of fear.
  4200 | D:3      | 4200 ||| DROPPING scroll of magic mapping.
  4391 | D:4      | 4391 ||| Stepping ~*~*~tactically~*~*~ (stealth).
  4426 | D:4      | 4426 ||| Stepping ~*~*~tactically~*~*~ (stealth).
  4428 | D:4      | 4428 ||| Stepping ~*~*~tactically~*~*~ (hiding).
  4455 | D:4      | 4455 ||| FLEEEEING.
  4456 | D:4      | 4456 ||| FLEEEEING.
  4457 | D:4      | 4457 ||| FLEEEEING.
  4458 | D:4      | 4458 ||| FLEEEEING.
  4459 | D:4      | 4459 ||| FLEEEEING.
  4462 | D:4      | 4462 ||| FLEEEEING.
  4463 | D:4      | 4463 ||| DRINKING 4 potions of curing.
  4463 | D:4      | 4463 ||| (to cure confusion)
  4464 | D:4      | 4464 ||| FLEEEEING.
  4475 | D:4      | 4475 ||| DRINKING 3 potions of curing.
  4475 | D:4      | 4475 ||| (to cure confusion)
  4488 | D:4      | 4488 ||| DRINKING 2 potions of curing.
  4488 | D:4      | 4488 ||| (to cure confusion)
  4494 | D:4      | Reached skill level 1 in Armour
  4494 | D:4      | Reached XP level 5. HP: 40/40 MP: 6/6
  4610 | D:4      | 4610 ||| Stepping ~*~*~tactically~*~*~ (stealth).
  4613 | D:4      | 4613 ||| Stepping ~*~*~tactically~*~*~ (stealth).
  4622 | D:4      | 4622 ||| Stepping ~*~*~tactically~*~*~ (outnumbered).
  4623 | D:4      | 4623 ||| Stepping ~*~*~tactically~*~*~ (outnumbered).
  4624 | D:4      | 4624 ||| Stepping ~*~*~tactically~*~*~ (outnumbered).
  4626 | D:4      | 4626 ||| Stepping ~*~*~tactically~*~*~ (outnumbered).
  4635 | Abyss:1  | Cast into level 1 of the Abyss (orc)
  4636 | Abyss:1  | 4636 ||| UPGRADING to +0 cloak.
  4641 | Abyss:1  | 4641 ||| DRINKING 2 inky potions.
  4642 | Abyss:1  | 4642 ||| READING 2 scrolls of identify.
  4642 | Abyss:1  | 4642 ||| IDENTIFYING grey potion
  4849 | Abyss:1  | Noticed a smoke demon
  4851 | Abyss:1  | 4851 ||| Stepping randomly (cloudy).
  4859 | Abyss:1  | HP: 9/40 [smoke demon] (3)]
  4860 | Abyss:1  | 4860 ||| READING scroll of teleportation.
  4860 | Abyss:1  | Engulfed by a smoke demon's steam

Levels and vault maps discovered:
D:1:      moated_graveyard_arrival, layout_loops_ring,
          shapermc_ecumenical_altar_hornbeckon, serial_shops,
          nicolae_diamond_shop, serial_bayou_pond_e, st_stairs_6
D:2:      layout_basic, serial_shops, nicolae_shop_advertising_works
          [nicolae_subvault_shop_adworks], hangedman_abyss_or_decor_lesser_grid,
          minmay_misc_feat_tiny, grunt_decor_clamped, kennysheep_flooded_box
D:3:      layout_basic, elyvilon_altar_1, uniq_terence
D:4:      layout_basic, nicolae_yredelemnul_ghost_church
Abyss:1:  base:
D:3

Skill      XL: |  1  2  3  4 |
---------------+-------------+-----
Unarmed Combat | 1 2 3 4 |  4.2
Fighting       | 1 |  1.5
Armour         | 1 |  1.6
Dodging        | |  1.7
Stealth        | |  2.1
Spellcasting   | |  1.7
Conjurations   | |  0.7
Fire Magic     | |  2.4

Action                   |  1- 3 |  4- 6 || total
-------------------------+-------+-------++-------
Melee: Unarmed           |   184 |   102 ||   286
       Punch             |     2 |       ||     2
Throw: Boomerang         |       |    19 ||    19
  Use: Scroll            |     9 |     5 ||    14
       Potion            |     2 |     4 ||     6
Armor: Robe              |    19 |       ||    19
       Ring mail         |    22 |     1 ||    23
       Plate armour      |       |    52 ||    52
Dodge: Dodged            |    92 |    25 ||   117

Table legend:
 A = Non-vault XP
 B = Vault XP
 C = Vault XP percentage of total XP
 D = Non-vault monster count
 E = Vault monster count
 F = Vault count percentage of total count
                 A         B        C        D         E       F
            +---------+---------+-------+---------+---------+-------
      Total |     167 |      38 |  18.5 |      61 |       2 |   3.2
            +---------+---------+-------+---------+---------+-------
        D:1 |      38 |       2 |   5.0 |      20 |       1 |   4.8
        D:2 |      24 |       0 |   0.0 |      14 |       0 |   0.0
        D:3 |      31 |      36 |  53.7 |      10 |       1 |   9.1
        D:4 |      74 |       0 |   0.0 |      17 |       0 |   0.0
            +---------+---------+-------+---------+---------+-------
